Map: Frost LE

Players

FaiFF - Winner!

  • Race: Terran Terran
  • League: Silver

Xihaal

  • Race: Terran Terran
  • League: Bronze

VOD

Have the link to the VOD?

Description

Time

  • Played on: Oct. 31, 2016, 11:59 a.m.
  • Length: 13:29
Show
View Real Time Build Order
Export as new Build Order

FaiFF Terran - Winner!

Build Orders: MMM Bio 

Get SALT Encoding   

  12  0:01  SCV  
  13  0:14  SCV  
  14  0:21  Supply Depot  
  14  0:26  SCV  
  15  0:43  SCV  
  15  0:45  Barracks  
  15  0:49  Refinery  
  16  0:55  SCV  
  17  1:07  SCV  
  18  1:13  Barracks  
  18  1:19  SCV  
  19  1:31  SCV  
  20  1:34  Supply Depot  
  20  1:38  Barracks Tech Lab  
  20  1:43  SCV  
  20  1:46  Barracks  
  21  1:55  Orbital Command  
  21  1:58  Marine  
  22  2:02  Marine  
  23  2:12  Stimpack  
  23  2:16  Marine  
  23  2:19  Marine  
  23  2:20  Supply Depot  
  25  2:34  Marine  
  26  2:42  Marine x2  
  28  2:51  Supply Depot  
  28  2:56  Barracks, Marine  
  29  3:01  Marine x2  
  31  3:14  Marine  
  31  3:16  Supply Depot  
  31  3:19  Marine x2  
  33  3:32  Marine  
  34  3:36  Marine  
  34  3:37  Marine  
  36  3:45  Command Center, Unknown  
  36  3:49  Marine x2  
  36  3:54  Marine x2  
  40  3:56  SCV  
  39  4:07  Marine x2  
  37  4:18  Marine x2  
  39  4:25  Marine x2  
  41  4:33  SCV  
  41  4:36  Marine x2  
  44  4:43  Marine x2  
  44  4:44  Supply Depot  
  46  4:45  SCV  
  47  4:54  Marine x2  
  47  4:57  Unknown  
  49  5:01  Marine x2  
  51  5:07  Supply Depot  
  51  5:11  Marine  
  51  5:12  SCV x2, Marine  
  55  5:18  Marine  
  55  5:19  Marine  
  57  5:24  SCV  
  58  5:29  Marine x2  
  49  5:36  Marine x2  
  41  5:46  SCV x2  
  41  5:47  Marine x2  
  41  5:48  Refinery  
  44  5:54  Marine x2  
  46  5:58  Supply Depot  
  46  6:01  SCV  
  47  6:05  Marine x2  
  49  6:12  Marine x2  
  49  6:13  Barracks  
  49  6:14  SCV x2  
  53  6:21  Supply Depot  
  53  6:23  Marine x2  
  55  6:31  Marine x2  
  57  6:40  Marine  
  57  6:41  Marine  
  57  6:45  Supply Depot  
  59  6:49  Marine x2  
  61  6:58  Marine x2  
  61  6:59  Command Center, Unknown  
  60  7:07  Supply Depot, Marine x2  
  57  7:13  Marine  
  58  7:16  Marine x2  
  58  7:21  SCV x2  
  62  7:25  Marine x2  
  64  7:33  SCV x2  
  66  7:37  Factory, Marine x2  
  66  7:38  Marine  
  66  7:42  Marine  
  66  7:43  Marine  
  71  7:44  Combat Shields  
  71  7:55  Marine x3  
  74  8:00  Marine x2  
  76  8:11  Unknown  
  76  8:12  Supply Depot  
  76  8:13  Marine x3  
  76  8:14  SCV x3  
  76  8:18  Marine x2  
  79  8:31  Marine x2  
  73  8:35  Supply Depot  
  66  8:43  Marine  
  66  8:44  Marine x2  
  69  8:49  Marine x2  
  71  8:57  Supply Depot  
  71  9:01  Marine x3  
  74  9:03  SCV  
  74  9:04  SCV x2  
  74  9:06  Marine  
  74  9:07  Marine  
  75  9:15  SCV  
  76  9:19  Marine x3  
  76  9:20  Supply Depot  
  79  9:24  Marine x2  
  81  9:34  SCV x2  
  81  9:35  SCV  
  81  9:37  Marine x3  
  87  9:42  Marine x2  
  87  9:44  Starport  
  89  9:51  Barracks  
  89  9:55  Marine x3  
  92  10:00  Marine x2  
  94  10:12  Marine  
  94  10:13  Marine x2  
  88  10:18  Marine x2  
  87  10:30  Marine x2  
  87  10:31  Marine  
  90  10:35  Marine  
  90  10:36  Marine  
  90  10:39  Barracks  
  90  10:40  Starport Reactor  
  92  10:48  Marine x3  
  95  10:53  Marine x2  
  72  11:06  Marine x3  
  73  11:11  Marine x2  
  73  11:12  SCV x3  
  73  11:14  Marine  
  79  11:24  SCV, Marine x3  
  83  11:26  Medivac x2  
  83  11:27  Barracks  
  83  11:29  Marine x2  
  83  11:32  Marine  
  89  11:41  Marine  
  89  11:42  Marine x2  
  89  11:46  Command Center, Unknown  
  89  11:47  Marine x2  
  92  11:49  Marine  
  95  11:56  Medivac x2  
  95  11:59  Marine x2  
  95  12:00  Marine  
  102  12:01  Engineering Bay  
  102  12:04  Marine  
  102  12:05  Marine  
  102  12:07  Marine  
  105  12:17  Marine x3  
  105  12:22  Marine  
  108  12:24  Marine  
  108  12:25  Marine  
  108  12:26  Medivac x2  
  115  12:35  Marine x3  
  118  12:40  Marine  
  118  12:42  Marine  
  118  12:43  Marine  
  120  12:53  Marine x3  
  120  12:58  Marine  
  121  12:59  Marine  
  121  13:01  Marine  
  112  13:11  Marine x3  
Show
View Real Time Build Order
Export as new Build Order

Xihaal Terran 

Build Orders:  

Get SALT Encoding   

  12  0:01  SCV  
  13  0:16  Supply Depot  
  13  0:20  SCV  
  14  0:42  Barracks  
  14  0:44  SCV  
  15  0:50  Refinery  
  15  0:59  Barracks  
  15  1:04  SCV  
  16  1:16  SCV  
  17  1:19  Refinery  
  17  1:38  Supply Depot  
  17  1:40  Barracks Tech Lab  
  17  1:54  Marine  
  17  2:00  Stimpack, Marine  
  19  2:06  Engineering Bay  
  19  2:12  SCV  
  20  2:23  Marine  
  20  2:24  Marauder  
  23  2:30  Orbital Command  
  23  2:39  Bunker  
  23  2:46  Terran Infantry Weapons Level 1  
  23  2:51  Marine  
  24  3:22  Marine  
  24  3:23  Marauder  
  27  3:40  Marine  
  28  3:55  Marauder  
  30  3:58  Marine  
  26  4:26  Command Center, Unknown  
  26  4:28  Barracks Reactor  
  26  4:33  Factory  
  26  4:40  Terran Infantry Armor Level 1  
  26  4:42  Marauder  
  28  4:54  Barracks  
  28  5:03  Marauder  
  30  5:20  Factory Tech Lab  
  30  5:27  Starport  
  24  5:38  Unknown  
  24  5:55  Marauder  
  26  6:00  Marine  
  27  6:06  Marine  
  27  6:10  Marine  
  29  6:16  Marauder  
  31  6:27  Siege Tank  
  34  6:38  Marauder  
  36  6:40  Supply Depot  
  36  6:42  Starport Reactor  
  36  6:59  Marauder  
  37  7:20  Marauder  
  39  7:26  Siege Tank  
  42  7:33  Medivac x2  
  46  7:45  SCV  
  47  7:56  Supply Depot  
  47  7:57  SCV  
  48  8:05  SCV  
  49  8:09  SCV  
  50  8:17  SCV  
  51  8:21  SCV  
  51  8:23  Siege Tank  
  34  8:53  Marauder  
  34  8:54  Marine  
  37  9:15  Marauder  
  39  9:36  Marauder  
  41  9:41  Marine x3  
  44  9:49  Medivac  
  46  9:57  Marauder  
  46  9:59  Marine x3  
  47  10:19  Marauder  
  49  10:40  Marauder, Marine x3  
  50  10:57  Marine  
  50  10:58  Marine x2  
  50  11:02  Marauder  
  48  11:15  Marine  
  48  11:16  Marine x2  
  51  11:21  Planetary Fortress  
  51  11:23  Marauder  
  53  11:33  Marine  
  53  11:34  Barracks Reactor, Marine  
  53  11:37  Siege Tank  
  58  11:43  Medivac x2  
  62  12:24  Marine  
  62  12:25  Marauder  
  65  12:46  Marauder  
  62  13:08  Marauder  
Tags
 
Composition
MMM Bio
Matchup
TvT
Race
Terran
Add a new tag
Caveats
  • Supply blocks, unpowered buildings, or Contaminate may cause inaccurate times.
  • Supply counts are checked every 10 seconds.